 Dungeon Crawl Stone Soup version 0.30.1-11-g7821555f0a (webtiles) character file.

Game seed: 7383255620388704174

3815 Okkudo the Severer (level 10, -6/84 HPs)
             Began as a Hill Orc Monk on Dec 9, 2023.
             Was a High Priest of Beogh.
             Succumbed to a kobold brigand's curare-tipped dart
             ... on level 8 of the Dungeon.
             The game lasted 00:30:10 (7949 turns).

Okkudo the Severer (Hill Orc Monk)                  Turns: 7949, Time: 00:30:11

Health: -6/84      AC: 16    Str: 25    XL:     10   Next: 17%
Magic:  13/14      EV:  6    Int: 10    God:    Beogh [*****.]
Gold:   554        SH:  7    Dex: 13    Spells: 9/9 levels left

rFire   . . .        a - +0 hand axe
rCold   . . .        G - +0 kite shield "Zenwua" {Str+6}
rNeg    . . .        D - +0 plate armour
rPois   .            y - +0 helmet
rElec   +            v - +1 cloak
rCorr   +            (no gloves)
SInv    .            m - +0 pair of boots of Hoepaoha {rElec Will- rCorr Stlth+}
Will    .....        (no amulet) Stlth
                     c - ring of flight
HPRegen 0.34/turn    (no ring)
MPRegen 0.14/turn

%: no passive effects
@: lethally poisoned (-6 -> -30), flying, slowed, very slow
A: walk on water
a: Renounce Religion, Smiting, Recall Orcish Followers, Give Item to Named
Follower


You were on level 8 of the Dungeon.
You worshipped Beogh.
Beogh was extremely pleased with you.
You visited 1 branch of the dungeon, and saw 8 of its levels.
You also visited: Bailey.

You collected 554 gold pieces.

Inventory:

Hand Weapons
 a - a +0 hand axe (weapon)
 B - a +0 heavy spear
 F - a +0 halberd
Missiles
 u - 2 throwing nets
 x - 27 poisoned darts (quivered)
Armour
 d - an orb of light
 m - the +0 pair of boots of Hoepaoha (worn) {rElec Will- rCorr Stlth+}
   (You found it on level 2 of the Dungeon)

   rElec:     It insulates you from electricity.
   rCorr:     It protects you from acid and corrosion.
   Will:      It decreases your willpower.
   Stlth:     It makes you more stealthy.
 v - a +1 cloak (worn)
 y - a +0 helmet (worn)
 D - a +0 plate armour (worn)
 G - the +0 kite shield "Zenwua" (worn) {Str+6}
   (You found it in a bailey)

   Str:       It affects your strength (+6).
 H - +0 ice dragon scales
Jewellery
 c - a ring of flight (left hand)
 E - a ring of flight
Wands
 b - a wand of iceblast (6)
Scrolls
 e - a scroll of noise {unknown}
 f - a scroll of teleportation {unknown}
 g - 2 scrolls of immolation
 j - a scroll of magic mapping
 l - 3 scrolls of amnesia
 o - a scroll of fog
 p - 2 scrolls of vulnerability
 q - a scroll of enchant weapon
 r - 2 scrolls of acquirement
 t - a scroll of butterflies {unknown}
 z - a scroll of brand weapon
 I - a scroll of fear {unknown}
Potions
 h - a potion of invisibility {unknown}
 i - a potion of curing {unknown}
 k - a potion of mutation {unknown}
 n - a potion of haste {unknown}
 s - 2 potions of lignification {unknown}
 w - a potion of attraction {unknown}
 C - a potion of brilliance {unknown}
 J - 2 potions of degeneration {unknown}


   Skills:
 + Level 6.5 Fighting
 * Level 15.7 Axes
 + Level 4.7 Armour
 - Level 2.4 Dodging
 + Level 5.6 Invocations


You had 9 spell levels left.
You didn't know any spells.
Your spell library contained the following spells:

 Spells                   Type           Power      Damage    Failure   Level
 Magic Dart               Conj           0%         1d3       100%        1
 Slow                     Hex            0%         N/A       100%        1
 Call Imp                 Summ           0%         N/A       100%        2
 Confusing Touch          Hex            0%         N/A       100%        3
 Dazzling Flash           Conj/Hex       0%         N/A       100%        3
 Mephitic Cloud           Conj/Pois/Air  0%         N/A       100%        3
 Vampiric Draining        Necr           0%         2d6       100%        3
 Volatile Blastmotes      Fire/Tloc      0%         2d10      100%        3
 Animate Dead             Necr           0%         N/A       100%        4
 Fulminant Prism          Conj/Hex       0%         3d5       100%        4
 Iskenderun's Mystic Bla  Conj/Tloc      0%         2d3       100%        4
 Lee's Rapid Deconstruct  Erth           0%         3d4*      100%        5
 Starburst                Conj/Fire      0%         6d3       100%        6
 Haunt                    Necr/Summ      0%         N/A       100%        7
 Infestation              Necr           0%         N/A       100%        8


Dungeon Overview and Level Annotations

Branches:
Dungeon (8/15)             Temple (0/1) D:6          Bailey (visited)
   Lair: D:8-11

Altars:
Cheibriados
Fedhas
Kikubaaqudgha
Sif Muna
Xom

Shops:
D:6 (


Message History

Your orc warrior hits the water moccasin from afar with a +0 trident.
The water moccasin dies!
Beogh accepts your kill.
Your orc warrior looks more experienced.
The wyvern bites you but does no damage.
The wyvern completely misses you.
The kobold brigand throws a curare-tipped dart.
The curare-tipped dart hits you.
You are lethally poisoned!
You have difficulty breathing.
* * * LOW HITPOINT WARNING * * *
You feel yourself slow down.
Your orc warrior is smitten.
The wyvern bites you!
* * * LOW HITPOINT WARNING * * *
You swap places.
* * * LOW HITPOINT WARNING * * *
You feel extremely sick. The wyvern barely misses you.
The wyvern closely misses your orc warrior.
The wyvern bites your orc warrior but does no damage.
The wyvern barely misses your orc warrior.
Your orc warrior barely misses the wyvern.
Your orc warrior hits the wyvern but does no damage.
Your orc hits the wyvern from afar with a +0 trident.
The water moccasin bites your orc warrior.
You block the wyvern's attack.
The wyvern closely misses your orc warrior.
The wyvern bites your orc warrior!
The wyvern barely misses your orc warrior.
Your orc warrior barely misses the wyvern.
Your orc warrior hits the wyvern from afar with a +0 trident.
The water moccasin misses your orc warrior.
Your orc warrior hits the wyvern with a +0 glaive!
The wyvern dies!
Beogh accepts your kill.
Your orc warrior looks more experienced.
Your orc hits the kobold brigand from afar with a +0 trident.
You swap places.
You die...

...###.###### ...+.#.#....
#. ...#.#.#...###### #'#.
...#.#.#........ #...#
...#.#.#.......# #.....
...#.#.#.......# #K#...#
...+...........##+#)#....♣
...#.#.........oooKl......
...#.#.........o@ool{...P.
..o#.#......###ooo)l...♣..
...oo#......#####oS.......
...#o#......(......#...!.P
...#o#......#####..#......
...#.#......# #..#..P.P.
...#.#......# #... .....
...#o#.###### ##.#..P..P
...#o#. .#.


You could see a water moccasin (ally target), 3 wyverns, a kobold brigand (ally
target), a kobold, 4 friendly orc warriors, a friendly orc wizard and 5 friendly
orcs.

Vanquished Creatures
  Pikel (D:4)
  A yak (D:8)
  A wyvern (D:8)
  2 steam dragons (D:6)
  A water moccasin (D:8)
  An orc warrior (Bailey)
  3 centaurs
  4 ogres (D:6)
  A phantom (D:5)
  3 lemures (D:4)
  2 kobold brigands (D:6)
  Blork the orc (D:4)
  A bullfrog (D:7)
  A scorpion (D:3)
  2 wights
  3 orc priests (D:4)
  2 gnoll boudas
  3 hounds (D:6)
  Crazy Yiuf (D:4)
  Ijyb (D:4)
  3 iguanas
  4 orc wizards
  Robin (D:4)
  14 gnolls
  10 adders
  2 shadow imps
  3 worms
  4 dart slugs
  5 orcs
  3 ball pythons
  2 bats (D:1)
  9 endoplasms
  3 giant cockroaches
  18 goblins
  9 hobgoblins
  3 jackals (D:3)
  17 kobolds
  3 quokkas
  4 frilled lizards
  7 rats
159 creatures vanquished.

Vanquished Creatures (collateral kills)
  Prince Ribbit (D:8)
  A wyvern (D:8)
  A yak (D:8)
  2 water moccasins
  3 orc warriors (Bailey)
  A centaur (D:7)
  3 wights (D:7)
  A howler monkey (D:8)
  An orc priest (D:7)
  A jelly (D:8)
  An iguana (D:7)
  An orc wizard (D:7)
  2 gnolls (D:8)
  5 orcs
  A kobold (D:8)
25 creatures vanquished.

Vanquished Creatures (others)
  An orc warrior (D:8)
  An orc priest (D:4)
  An orc wizard (D:8)
  16 orcs
19 creatures vanquished.

Grand Total: 203 creatures vanquished

Notes
Turn   | Place    | Note
-------+----------+-------------------------------------------
     0 | D:1      | Okkudo the Hill Orc Monk began the quest for the Orb.
     0 | D:1      | Reached XP level 1. HP: 19/19 MP: 1/1
   184 | D:1      | Reached XP level 2. HP: 22/26 MP: 2/2
   487 | D:1      | Reached skill level 5 in Axes
   626 | D:1      | Reached XP level 3. HP: 29/31 MP: 3/3
   967 | D:2      | Reached skill level 6 in Axes
  1087 | D:2      | Reached XP level 4. HP: 39/39 MP: 4/4
  1124 | D:2      | Identified the +0 pair of boots of Hoepaoha {rElec Will-
                  | rCorr Stlth+}
  1205 | D:2      | Found a faded altar of an unknown god.
  1512 | D:3      | Found a shimmering blue altar of Sif Muna.
  1573 | D:3      | Found a blossoming altar of Fedhas.
  1685 | D:3      | Reached skill level 7 in Axes
  1685 | D:3      | Reached XP level 5. HP: 41/45 MP: 5/5
  1992 | D:3      | Reached skill level 8 in Axes
  2432 | D:4      | Became a worshipper of Beogh the Brigand
  2432 | D:4      | Reached * piety under Beogh
  2432 | D:4      | Reached ** piety under Beogh
  2451 | D:4      | Reached XP level 6. HP: 18/51 MP: 6/6
  2586 | D:4      | Noticed Ijyb
  2594 | D:4      | Killed Ijyb
  2595 | D:4      | Reached skill level 9 in Axes
  2618 | D:4      | Noticed Blork the orc
  2682 | D:4      | Killed Blork the orc
  2739 | D:5      | Entered Level 5 of the Dungeon
  3109 | D:5      | Reached skill level 10 in Axes
  3116 | D:5      | Reached XP level 7. HP: 49/57 MP: 7/7
  3692 | D:4      | Reached skill level 11 in Axes
  3700 | D:4      | Reached *** piety under Beogh
  3840 | D:4      | Found a runed translucent door.
  3841 | D:4      | Noticed Crazy Yiuf
  3857 | D:4      | Killed Crazy Yiuf
  3972 | D:4      | Noticed Pikel
  4030 | D:4      | Killed Pikel
  4031 | D:4      | Reached skill level 13 in Axes
  4031 | D:4      | Reached XP level 8. HP: 11/64 MP: 8/8
  4306 | D:4      | Found a snail-covered altar of Cheibriados.
  4354 | D:4      | Noticed Robin
  4398 | D:4      | Killed Robin
  5339 | D:6      | Reached skill level 1 in Armour
  5339 | D:6      | Reached skill level 1 in Invocations
  5361 | D:6      | HP: 1/66 [steam dragon/ball of steam (21)]
  5363 | D:6      | Reached skill level 14 in Axes
  5647 | D:6      | Reached XP level 9. HP: 63/71 MP: 10/10
  5927 | D:6      | Reached **** piety under Beogh
  5951 | D:6      | Found a staircase to the Ecumenical Temple.
  5978 | D:6      | Found Paqecs's Weapon Shoppe.
  6037 | D:6      | Reached skill level 5 in Fighting
  6248 | D:6      | Found a shimmering altar of Xom.
  6556 | D:7      | Found a flagged portal.
  6565 | Bailey   | Entered a bailey
  6689 | Bailey   | HP: 2/74 [orc warrior/+0 glaive (12)]
  6718 | Bailey   | Reached skill level 15 in Axes
  6997 | Bailey   | Identified the +0 kite shield "Zenwua" {Str+6}
  7404 | D:7      | Found an ancient bone altar of Kikubaaqudgha.
  7424 | D:7      | Reached ***** piety under Beogh
  7782 | D:8      | Identified 2 scrolls of acquirement
  7826 | D:8      | Noticed Prince Ribbit
  7835 | D:8      | Killed Prince Ribbit
  7836 | D:8      | Reached skill level 5 in Invocations
  7836 | D:8      | Reached XP level 10. HP: 62/83 MP: 13/13
  7948 | D:8      | HP: 2/84 [poisoned by a kobold brigand (curare-tipped
                  | dart)]
  7949 | D:8      | Succumbed to a kobold brigand's curare-tipped dart

Illustrated notes

Levels and vault maps discovered:
D:1:      onia_arrival_pyramid, layout_loops_corners
D:2:      layout_rooms, hellmonk_ecumenical_altar_heavens_door
D:3:      layout_basic, mainiacjoe_overflow_six_doors_small, lemuel_tele_altar
D:4:      layout_loops_ring, slow_altar_1, uniq_ijyb, uniq_robin, uniq_pikel,
          uniq_crazy_yiuf_cottage, uniq_blork_the_orc
D:5:      layout_rooms
D:6:      cheibrodos_steamvent, layout_basic, marbit_many_paths,
          minmay_temple_entry_grid, serial_shops, shop
D:7:      layout_cave_pools, lemuel_round_altar, enter_bailey_3
D:8:      layout_basic, minmay_lair_entry_grove, uniq_prince_ribbit1

Skill      XL: |  1  2  3  4  5  6  7  8  9 |
---------------+----------------------------+-----
Axes           | 5 6 7 8 10 13 14 15 | 15.7
Armour         | 1 4 |  4.7
Invocations    | 2 5 |  5.6
Fighting       | 4 6 |  6.5
Dodging        | |  2.4

Action                     |  1- 3 |  4- 6 |  7- 9 | 10-12 || total
---------------------------+-------+-------+-------+-------++-------
  Melee: Hand axe          |   101 |   171 |   436 |    15 ||   723
  Throw: Dart              |       |     2 |     3 |       ||     5
         Throwing net      |       |       |     1 |       ||     1
 Invoke: Convert to Beogh  |       |     1 |       |       ||     1
    Use: Scroll            |       |     7 |     5 |       ||    12
         Potion            |       |       |     4 |       ||     4
 Armour: Ring mail         |    40 |    61 |    50 |       ||   151
         Plate armour      |       |       |   125 |     6 ||   131
  Dodge: Dodged            |    45 |    88 |   142 |     7 ||   282
  Block: Kite shield       |       |       |     4 |     6 ||    10
